 Dungeon Crawl Stone Soup version 0.30.1-9-gdf580d7c3d (webtiles) character file.

Game seed: 18439494450572806307

100 tizbic2 the Caller (level 4, -1/42 HPs)
             Began as an Ogre Summoner on Oct 24, 2023.
             Slain by Natasha (4 damage)
             ... on level 2 of the Dungeon.
             The game lasted 00:06:52 (1455 turns).

tizbic2 the Caller (Ogre Summoner)                  Turns: 1455, Time: 00:06:52

Health: -1/42      AC:  4    Str: 11 (12) XL:     4   Next: 74%
Magic:  1/8        EV:  9    Int: 15 (18) God:
Gold:   98         SH:  0    Dex:  8 (9)  Spells: 5/9 levels left

rFire   . . .        d - +3 dagger
rCold   . . .        (no shield)
rNeg    . . .        a - +1 robe
rPois   .            (helmet restricted)
rElec   .            (no cloak)
rCorr   .            (gloves unavailable)
SInv    .            (boots unavailable)
Will    .....        (no amulet)
Stlth   +            (no ring)
HPRegen 0.27/turn    (no ring)
MPRegen 0.11/turn

%: no passive effects
@: no status effects
A: large, unfitting armour, tough skin 1
a: no special abilities


You were on level 2 of the Dungeon.
You visited 1 branch of the dungeon, and saw 2 of its levels.

You collected 98 gold pieces.

Inventory:

Hand Weapons
 d - a +3 dagger (weapon)
Armour
 a - a +1 robe (worn)
Scrolls
 f - a scroll of teleportation
Potions
 b - a potion of magic
 c - 3 potions of degeneration
 e - a potion of ambrosia {unknown}
 i - a potion of curing {unknown}
 j - a potion of lignification {unknown}


   Skills:
 + Level 2.2 Fighting
 - Level 1.7 Dodging
 - Level 1.4 Stealth
 + Level 3.2 Spellcasting
 + Level 4.0 Summonings
 * Level 2.2 Air Magic


You had 5 spell levels left.
You knew the following spells:

 Your Spells              Type           Power      Damage    Failure   Level
a - Summon Small Mammal   Summ           56%        N/A       3%          1
b - Call Canine Familiar  Summ           14%        N/A       11%         3

Your spell library contained the following spells:

 Spells                   Type           Power      Damage    Failure   Level
 Call Imp                 Summ           28%        N/A       5%          2
 Sandblast                Erth           4%         2d4       21%         1
 Summon Guardian Golem    Hex/Summ       8%         N/A       26%         3
 Passwall                 Tmut/Erth      1%         N/A       30%         2
 Summon Lightning Spire   Summ/Air       11%        N/A       47%         4
 Stone Arrow              Conj/Erth      4%         3d7       52%         3


Dungeon Overview and Level Annotations

Branches:
Dungeon (2/15)

Altars:

Annotations:
D:2 Natasha


Innate Abilities, Weirdness & Mutations

You are too large for most types of armour.
You have tough skin. (AC +1)


Message History

The cerulean imp hits you with a +1 spear.
You barely miss the cerulean imp.
The cerulean imp is moderately wounded.
Your hound bites the cerulean imp.
The cerulean imp hits you with a +0 spear.
The cerulean imp misses your hound.
Your hound barely misses the cerulean imp.
You barely miss the cerulean imp.
The cerulean imp is heavily wounded.
Your hound barely misses the cerulean imp.
The cerulean imp hits you with a +0 spear.
The cerulean imp hits you with a +1 spear.
You closely miss the cerulean imp.
The cerulean imp is heavily wounded.
The cerulean imp disappears in a puff of smoke! x2
Natasha claws your hound! The cerulean imp barely misses you.
Your hound bites Natasha.
Your hound closely misses Natasha.
Natasha claws you! The cerulean imp completely misses you.
You closely miss Natasha.
Natasha is moderately wounded.
Your hound completely misses Natasha.
Natasha claws you!
* * * LOW HITPOINT WARNING * * *
The cerulean imp hits you from afar with a +2 spear!
* * * LOW HITPOINT WARNING * * *
Your hound barely misses Natasha.
Your hound bites Natasha but does no damage.
Natasha howls an incantation.
Natasha glows brightly for a moment.
The cerulean imp hits you from afar with a +2 spear.
* * * LOW HITPOINT WARNING * * *
Natasha attacks as you move away! Natasha closely misses you.
Your hound completely misses Natasha.
The cerulean imp hits your hound with a +2 spear.
Your hound barely misses the cerulean imp.
It was a potion of degeneration.
There was something very wrong with that liquid.
You feel weakened.
You feel dopey.
You feel clumsy. Natasha claws you.
You die...

##....#h5....###.#######.##...
#.##.#####.......###....##.#.
#......####.####..#.....##.##
#............## ##........#..#
####......#......#####.......##..
#.#........#####.5..............#
#........#.###..h#####.......##.#
##...#####......h.## #.......##..
##...# ###....@..# #.).....###.
##...#### #.....<.# #.......# ##
........####..[....# ##......###.
#....##...........######.........
#........###.....................
#..#####..##........########.....
...# ##.##............# #รท#..#
##.# #..##.....#####.# #(#..#
##.# ##..##...## #.####.#..#


You could see Natasha, a cerulean imp (summoned, ally target) and a friendly
hound (summoned).

Vanquished Creatures
  2 adders (D:2)
  2 bats (D:1)
  4 endoplasms
  A goblin (D:2)
  2 hobgoblins (D:1)
  3 quokkas (D:1)
  4 frilled lizards
  2 rats (D:2)
20 creatures vanquished.

Vanquished Creatures (collateral kills)
  Natasha (D:2)
  2 adders (D:2)
  A dart slug (D:2)
  3 ball pythons
  2 endoplasms (D:1)
  A giant cockroach (D:2)
  3 goblins
  A hobgoblin (D:2)
  A bat (D:1)
  A frilled lizard (D:2)
  A kobold (D:1)
  A rat (D:1)
18 creatures vanquished.

Grand Total: 38 creatures vanquished

Notes
Turn   | Place    | Note
-------+----------+-------------------------------------------
     0 | D:1      | tizbic2 the Ogre Summoner began the quest for the Orb.
     0 | D:1      | Reached XP level 1. HP: 16/16 MP: 3/3
   277 | D:1      | Reached XP level 2. HP: 24/26 MP: 3/5
   478 | D:1      | Reached skill level 1 in Fighting
   478 | D:1      | Reached skill level 1 in Air Magic
   966 | D:2      | Reached XP level 3. HP: 27/33 MP: 2/7
  1101 | D:2      | Learned a level 3 spell: Call Canine Familiar
  1226 | D:2      | Reached XP level 4. HP: 42/42 MP: 6/8
  1255 | D:2      | Found a faded altar of an unknown god.
  1302 | D:2      | Noticed Natasha
  1310 | D:2      | Killed Natasha
  1311 | D:2      | Reached skill level 4 in Summonings
  1420 | D:2      | Noticed Natasha
  1455 | D:2      | Slain by Natasha

Illustrated notes

Levels and vault maps discovered:
D:1:      erik_arrival_cave_to_civilisation [erik_arrival_cave_to_hall],
          layout_basic
D:2:      layout_rooms, shapermc_ecumenical_altar_flowoftime, uniq_natasha

Skill      XL: |  1  2  3  4 |
---------------+-------------+-----
Fighting       | 1 2 |  2.2
Air Magic      | 1 2 |  2.2
Spellcasting   | 3 |  3.2
Summonings     | 4 |  4.0
Dodging        | |  1.7
Stealth        | |  1.4

Action                     |  1- 3 |  4- 6 || total
---------------------------+-------+-------++-------
  Melee: Unarmed           |     5 |       ||     5
         Dagger            |    70 |    12 ||    82
         Punch             |     1 |       ||     1
   Cast: Summon Small Mamm |    27 |     1 ||    28
         Call Canine Famil |     2 |     3 ||     5
    Use: Scroll            |       |     4 ||     4
         Potion            |       |     1 ||     1
 Armour: Robe              |    27 |     6 ||    33
  Dodge: Dodged            |    38 |     8 ||    46
